 Dungeon Crawl Stone Soup version 0.29.1-1-gd02db6906a (webtiles) character file.

Game seed: 11514769343341031113

60 xian the Slasher (level 3, 0/29 HPs)
             Began as a Vampire Berserker on Oct 14, 2022.
             Was a Believer of Trog.
             Slain by Grinder (1 damage)
             ... while paralysed by Grinder
             ... on level 3 of the Dungeon.
             The game lasted 00:04:26 (1424 turns).

xian the Slasher (Vampire Berserker)                Turns: 1424, Time: 00:04:27

Health: 0/29       AC:  7    Str: 18    XL:     3   Next: 82%
Magic:  3/3        EV:  2    Int:  9    God:    Trog [**....]
Gold:   74         SH:  0    Dex: 13    Spells: 2/2 levels left

rFire   . . .      SeeInvis +   a - +0 falchion
rCold   . . .      Faith    .   (no shield)
rNeg    . . .      Spirit   .   b - +0 ring mail {Will+}
rPois   .          Reflect  .   p - +0 helmet
rElec   .          Harm     .   (no cloak)
rCorr   .          Rampage  .   l - +0 pair of gloves
Will    +....                   (no boots)
Stlth   +.........              (no amulet)
HPRegen 0.29/turn               (no ring)
MPRegen 0.08/turn               (no ring)

@: paralysed, on berserk cooldown, healing quickly, slowed
A: alive, fangs 3, see invisible, vampiric 2
a: Exsanguinate, Renounce Religion, Berserk, Trog's Hand


You were on level 3 of the Dungeon.
You worshipped Trog.
Trog was pleased with you.
You visited 1 branch of the dungeon, and saw 3 of its levels.

You collected 74 gold pieces.

Inventory:

Hand Weapons
 a - a +0 falchion (weapon)
Armour
 b - a +0 ring mail of willpower (worn)
 l - a +0 pair of gloves (worn)
 p - a +0 helmet (worn)
Scrolls
 g - a scroll of brand weapon {unknown}
 h - a scroll of identify {unknown}
 i - a scroll of fog {unknown}
 j - a scroll of teleportation {unknown}
 k - a scroll of silence {unknown}
 m - a scroll of noise {unknown}
 o - a scroll of enchant armour {unknown}
Potions
 c - a potion of might {unknown}
 d - a potion of flight {unknown}
 e - a potion of heal wounds {unknown}
 f - a potion of mutation {unknown}


   Skills:
 + Level 3.2 Fighting
 + Level 3.8 Long Blades
 + Level 1.8 Armour
 + Level 2.6 Dodging
 + Level 1.4 Stealth


You had 2 spell levels left.
You didn't know any spells.
Your spell library contained the following spells:

 Spells                   Type           Power      Damage    Failure   Level
 Ensorcelled Hibernation  Hex/Ice        0%         N/A       71%         2
 Passwall                 Tmut/Erth      0%         N/A       71%         2
 Swiftness                Air            0%         N/A       91%         3


Dungeon Overview and Level Annotations

Branches:
Dungeon (3/15)

Altars:

Shops:
D:1 ?

Annotations:
D:3 Grinder


Innate Abilities, Weirdness & Mutations

Your natural rate of healing is accelerated.
You have razor-sharp teeth.
You have supernaturally acute eyesight. (SInv)
You are afflicted with vampirism and can become a bat while bloodless.


Message History

Grinder is severely wounded.
Grinder hits you but does no damage. Grinder hits you.
* * * LOW HITPOINT WARNING * * *
You barely miss Grinder. You bite Grinder!
Grinder is almost dead.
Grinder blinks!
You feel a strong urge to attack something.
You are no longer berserk.
You are exhausted.
You feel yourself slow down.
Grinder blinks!
Grinder grins, showing sharp teeth.
Grinder barely misses you. Grinder attacks as you move away!
Grinder barely misses you. Grinder hits you.
* * * LOW HITPOINT WARNING * * *
Grinder attacks as you move away! Grinder closely misses you.
Grinder blinks!
Grinder gestures at you. You resist with some effort. Grinder gestures at you.
You easily resist.
Grinder gestures at you. You resist with some effort. Grinder gestures at you.
You easily resist.
Grinder barely misses you. Grinder gestures at you.
You resist with some effort.
You hit Grinder but do no damage.
Grinder is almost dead.
Grinder blinks!
Grinder says, "FISH!"
Grinder blinks!
You aren't carrying any items that you can evoke.
Unknown command.
Grinder gestures at you.
You easily resist.
Grinder blinks!
Grinder gestures at you.
You suddenly lose the ability to move!
Grinder hits you.
* * * LOW HITPOINT WARNING * * *
You writhe in agony.
You die...

.....#.# ######.# ... #
#.# #.# # #.# .. # #.# .#
#<# ##.# ## #.# #..#
.####..
#.###.########......#
#)<.÷......@5<.....#
######.################...
......†# ######.## #..#
##.# #.# #.# #.#


You could see Grinder (fast).

Vanquished Creatures
  An adder (D:3)
  A dart slug (D:3)
  6 ball pythons
  6 bats
  5 endoplasms
  3 giant cockroaches (D:2)
  5 goblins (D:1)
  3 hobgoblins
  3 quokkas
  2 frilled lizards (D:2)
  4 kobolds
  6 rats
45 creatures vanquished.

Notes
Turn   | Place    | Note
-------+----------+-------------------------------------------
     0 | D:1      | xian the Vampire Berserker began the quest for the Orb.
     0 | D:1      | Reached XP level 1. HP: 17/17 MP: 1/1
   146 | D:1      | Found Awkysog's Magic Scroll Boutique.
   204 | D:1      | Reached XP level 2. HP: 23/23 MP: 2/2
   526 | D:1      | Found a faded altar of an unknown god.
   891 | D:2      | Gained mutation: You are afflicted with vampirism and can
                  | become a bat while bloodless. [Vampire growth]
   891 | D:2      | Reached XP level 3. HP: 25/29 MP: 3/3
   950 | D:2      | Reached ** piety under Trog
   958 | D:2      | You fall into a shaft and drop 1 floor!
  1016 | D:3      | Reached skill level 1 in Stealth
  1387 | D:3      | Noticed Grinder
  1424 | D:3      | Paralysed by Grinder for 5 turns
  1424 | D:3      | HP: 1/29 [Grinder (6)]
  1424 | D:3      | Slain by Grinder

Illustrated notes

Levels and vault maps discovered:
D:1:      minmay_arrival_checkered_box, layout_basic, serial_shops, shop,
          hellmonk_ecumenical_altar_heavens_door
D:2:      layout_rooms, serial_glass, glass_columns_c, glass_columns_a
D:3:      layout_rooms, serial_glass, glass_columns_a, glass_columns_a,
          glass_columns_a, glass_columns_b, uniq_natasha, uniq_grinder

Skill      XL: |  1  2  3 |
---------------+----------+-----
Fighting       | 3 |  3.2
Stealth        | 1 |  1.4
Long Blades    | |  3.8
Armour         | |  1.8
Dodging        | |  2.6

Action                   || total
-------------------------++-------
Melee: Falchion          ||   127
       Bite              ||    10
       Punch             ||     1
Invok: Berserk           ||     3
 Stab: Sleeping          ||     1
Armor: Animal skin       ||    15
       Ring mail         ||    17
Dodge: Dodged            ||   109
